 Dungeon Crawl Stone Soup version 0.27.1-35-g4d5d836560 (webtiles) character file.

Game seed: 17807169406956281310

2833 Delamore the Covert (level 9, -2/54 (57) HPs)
             Began as an Octopode Brigand on Apr 23, 2022.
             Slain by a killer bee (4 damage)
             ... on level 8 of the Dungeon.
             The game lasted 00:09:00 (9894 turns).

Delamore the Covert (Octopode Brigand)              Turns: 9894, Time: 00:09:01

HP:   -2/54 (57)    AC:  1    Str: 16    XL:     9   Next: 73%
MP:   9/9           EV: 14    Int: 14    God:
Gold: 373           SH:  5    Dex: 16    Spells: 8/8 levels left

rFire    + . .     SeeInvis .   j - +2 short sword (drain)
rCold    + . .     Faith    .   g - +0 buckler
rNeg     . . .     Spirit   .   (helmet restricted)
rPois    +         Reflect  .   (no amulet)
rElec    +         Harm     .   o - +6 ring of strength
rCorr    +         Rampage  .   (no ring)
Will     .....                  (no ring)
Stlth    +++++.....             (no ring)
HPRegen  0.18/turn              (no ring)
MPRegen  0.11/turn              (no ring)
                                (no ring)
                                (no ring)

@: mighty, lethally poisoned (-2 -> -4), about to teleport, resistant, drained
A: almost no armour, amphibious, 8 rings, camouflage 1, gelatinous body 1,
(nimble swimmer 1), tentacles
a: no special abilities


You were on level 8 of the Dungeon.
You visited 2 branches of the dungeon, and saw 9 of its levels.

You collected 373 gold pieces.

Inventory:

Hand Weapons
 a - a +2 dagger
 j - a +2 short sword of draining (weapon)
 A - a +0 vampiric dagger
 C - a +3 dagger
Missiles
 b - 27 poisoned darts
 c - a curare-tipped dart
 k - a boomerang of dispersal
 l - 3 javelins (quivered)
 v - 2 throwing nets
Armour
 g - a +0 buckler (worn)
Jewellery
 o - a +6 ring of strength (left tentacle)
 F - a ring of resist corrosion
Scrolls
 e - a scroll of teleportation
 m - a scroll of brand weapon
 r - a scroll of enchant weapon {unknown}
 s - a scroll of noise {unknown}
 t - a scroll of enchant armour {unknown}
 u - a scroll of silence {unknown}
 w - a scroll of amnesia {unknown}
 y - a scroll of holy word {unknown}
 z - 2 scrolls of fog {unknown}
 D - a scroll of identify
Potions
 d - a potion of magic {unknown}
 f - a potion of might
 h - a potion of berserk rage {unknown}
 i - a potion of resistance
 n - a potion of flight {unknown}
 q - a potion of attraction {unknown}
 x - a potion of brilliance {unknown}
 B - a potion of curing {unknown}
 E - a potion of heal wounds {unknown}


   Skills:
 + Level 3.3 Fighting
 - Level 10.0 Short Blades
 + Level 3.3 Throwing
 + Level 2.7 Dodging
 - Level 10.0 Stealth
 - Level 4.0 Shields


You had 8 spell levels left.
You didn't know any spells.
Your spell library contained the following spells:

 Spells                   Type           Power      Damage    Failure   Level
 Blink                    Tloc           N/A        N/A       41%         2
 Conjure Flame            Conj/Fire      0%         6-21      65%         3
 Ignite Poison            Fire/Tmut/Pois 0%         N/A       65%         3
 Lesser Beckoning         Tloc           0%         N/A       65%         3
 Sticky Flame             Conj/Fire      0%         2d3       96%         4
 Manifold Assault         Tloc           0%         N/A       100%        5


Dungeon Overview and Level Annotations

Branches:
Dungeon (8/15)             Temple (1/1) D:6
   Lair: D:8-11

Altars:
Cheibriados
Dithmenos
Elyvilon
Fedhas
Hepliaklqana
Kikubaaqudgha
Nemelex Xobeh
Qazlal
Ru
Sif Muna
Trog
Uskayaw
Vehumet
Wu Jian
Xom
Yredelemnul
Zin
The Shining One

Shops:
D:1 (   D:5 (   D:6 =

Annotations:
D:6 exclusion: oklob plant
D:8 Maggie


Innate Abilities, Weirdness & Mutations

You cannot wear most types of armour.
You are amphibious.
You can wear up to eight rings at the same time.
Your skin changes colour to match your surroundings (Stealth+).
Your rubbery body absorbs attacks. (AC +1, EV +1)
((You are camouflaged near water. (Stealth+)))
You have tentacles for arms and can constrict up to eight enemies at once.


Message History

The killer bee buzzes angrily.
You squeeze the yak, but do no damage.
You hear an angry buzzing noise.
You hear a shout!
You hear an angry buzzing noise.
You hear a shout!
You block the yak's attack. The killer bee closely misses you.
The yak closely misses you. The yak gores you!
Maggie the Vainglorious comes into view.
She is wielding a +2 morningstar of draining.
The killer bee buzzes angrily.
You block the killer bee's attack.
Maggie mumbles some strange words.
Maggie attempts to bespell you!
You are mesmerised by Maggie!
The killer bee stings you.
* * * LOW HITPOINT WARNING * * *
You are poisoned.
The killer bee poisons you!
Okay, then.
Blink to where?
Press: ? - help, Dir - move target
As you read the scroll of blinking, it crumbles to dust.
You are no longer entranced.
You feel sick.
Okay, then.
As you read the scroll of teleportation, it crumbles to dust.
You feel strangely unstable.
You feel sick.
It was a potion of might.
You feel very mighty all of a sudden.
You feel sick.
Okay, then.
You puncture the killer bee! Your grab misses the killer bee.
The killer bee is heavily wounded.
You feel sick. The killer bee stings you!
* * * LOW HITPOINT WARNING * * *
The killer bee closely misses you.
It was a potion of resistance.
You feel protected.
* * * LOW HITPOINT WARNING * * *
You feel sick. The killer bee closely misses you. The killer bee stings you.
You die...

........##.n......#
o........n..z....##
........yz#.....##
.......Y5Y#....##
...@..@.o###....#
.................#
........y.......##
..#..##yy....).#
..#.. #@#....# ###


You could see Maggie, 2 yaks, a necrophage, 4 killer bees, a wight, a white imp
and an orc.

Vanquished Creatures
  A steam dragon (D:7)
  A water moccasin (D:4)
  A hornet zombie (D:5)
  An ice beast (D:5)
  A sky beast (D:7)
  An orc warrior (D:6)
  A black bear (D:7)
  4 ogres
  A phantom (D:6)
  A gnoll sergeant (D:5)
  2 bullfrogs
  3 scorpions (D:5)
  A water moccasin skeleton (D:3)
  7 wights
  A centaur zombie (D:6)
  A gnoll shaman (D:6)
  5 hounds
  5 jellies
  Jessica (D:2)
  6 iguanas
  8 orc wizards
  A hound skeleton (D:4)
  5 adders
  8 gnolls
  2 howler monkey skeletons
  A white imp (D:7)
  2 ufetubi
  2 worms (D:2)
  A dart slug (D:3)
  17 orcs
  8 bats
  21 endoplasms
  5 giant cockroaches
  9 goblins
  2 hobgoblins
  3 kobolds
  3 quokkas
  6 ball pythons
  A frilled lizard (D:2)
  4 rats
154 creatures vanquished.

Vanquished Creatures (others)
  10 fungi (D:6)
10 creatures vanquished.

Grand Total: 164 creatures vanquished

Notes
Turn   | Place    | Note
-------+----------+-------------------------------------------
     0 | D:1      | Delamore the Octopode Brigand began the quest for the Orb.
     0 | D:1      | Reached XP level 1. HP: 14/14 MP: 1/1
   370 | D:1      | Found Biwnux's Weapon Emporium.
   391 | D:1      | Reached XP level 2. HP: 19/19 MP: 2/2
  1058 | D:2      | Noticed Jessica
  1065 | D:2      | Killed Jessica
  1066 | D:2      | Reached XP level 3. HP: 22/24 MP: 3/3
  1176 | D:2      | Reached XP level 4. HP: 26/29 MP: 4/4
  1201 | D:2      | Found a faded altar of an unknown god.
  2551 | D:2      | Reached XP level 5. HP: 17/34 MP: 5/5
  2921 | D:3      | Found a blossoming altar of Fedhas.
  3118 | D:3      | Reached skill level 5 in Short Blades
  3118 | D:3      | Reached XP level 6. HP: 37/39 MP: 6/6
  3198 | D:3      | Found a sparkling altar of Nemelex Xobeh.
  3357 | D:3      | Found a radiant altar of Vehumet.
  3367 | D:3      | Found a glowing golden altar of the Shining One.
  3910 | D:4      | Found a shadowy altar of Dithmenos.
  4065 | D:4      | Noticed a water moccasin
  4074 | D:4      | Killed a water moccasin
  4075 | D:4      | Reached XP level 7. HP: 19/45 MP: 7/7
  4703 | D:5      | Entered Level 5 of the Dungeon
  5468 | D:5      | Reached XP level 8. HP: 50/50 MP: 8/8
  5507 | D:5      | Found an ancient bone altar of Kikubaaqudgha.
  5524 | D:5      | Reached skill level 1 in Shields
  5784 | D:5      | Found a white marble altar of Elyvilon.
  5814 | D:5      | Found Tocvamot's Weapon Shop.
  6641 | D:6      | Found Jaabufik's Jewellery Shop.
  6728 | D:6      | Found a staircase to the Ecumenical Temple.
  6750 | Temple   | Entered the Ecumenical Temple
  7095 | D:6      | Reached skill level 10 in Stealth
  7334 | D:6      | Reached XP level 9. HP: 54/54 MP: 9/9
  7729 | D:6      | Found a shimmering altar of Xom.
  7844 | D:6      | Noticed an oklob plant
  8513 | D:7      | Reached skill level 10 in Short Blades
  9888 | D:8      | Noticed Maggie
  9893 | D:8      | HP: 2/54 [killer bee (7)]
  9894 | D:8      | Slain by a killer bee

Illustrated notes

Levels and vault maps discovered:
D:1:      dpeg_arrival_round_c, layout_basic, serial_shops, shop,
          minmay_misc_feat_room, minmay_misc_feat_columns
D:2:      layout_basic, dreamdust_ecumenical_altar_angels_and_demons,
          st_stairs_1, uniq_jessica
D:3:      layout_basic, mainiacjoe_overflow_six_doors_small,
          mainiacjoe_overflow_brackets,
          mainiacjoe_overflow_concentric_impassable, amcnicky_altar_gilded
D:4:      layout_basic, mainiacjoe_overflow_alcove_1
D:5:      layout_basic, kiku_gazebo_pond_becter,
          nicolae_elyvilon_peaceful_grove, serial_shops,
          nicolae_shop_temple_entry_statues_fountains, grunt_ministairs_1
D:6:      lemuel_slime, layout_loops_ring, overflow_temple_1_default,
          minmay_temple_entry_trees, serial_shops, shop, palyth_stone_intersect
D:7:      layout_rooms
D:8:      layout_cave_pools, lemuel_doored_altar, uniq_harold, uniq_maggie
Temple:   eino_wide_crystal_templ

Skill      XL: |  1  2  3  4  5  6  7  8  9 |
---------------+----------------------------+-----
Short Blades   | 3 4 5 6 7 9 10 | 10.0
Stealth        | 6 7 8 9 10 | 10.0
Shields        | 3 4 |  4.0
Dodging        | 2 |  2.7
Fighting       | 3 |  3.3
Throwing       | 3 |  3.3

Action                   |  1- 3 |  4- 6 |  7- 9 || total
-------------------------+-------+-------+-------++-------
Melee: Dagger            |    36 |    42 |       ||    78
       Constrict         |     5 |    20 |    40 ||    65
       Tentacles         |     5 |    16 |    52 ||    73
       Short sword       |       |    59 |   249 ||   308
Throw: Dart              |       |     5 |    15 ||    20
       Boomerang         |       |       |     2 ||     2
       Javelin           |       |       |     2 ||     2
  Use: Scroll            |     1 |       |     5 ||     6
       Potion            |       |       |     2 ||     2
 Stab: Sleeping          |     8 |    17 |    19 ||    44
       Distracted        |       |       |     4 ||     4
Armor: Skin              |     1 |    11 |    11 ||    23
Dodge: Dodged            |    10 |    40 |    88 ||   138
Block: Buckler           |       |       |    37 ||    37
